 Dungeon Crawl Stone Soup version 0.27-a0-1147-gb3d8e82157 (webtiles) character file.

Game seed: 439386744930691644

3974 shoop the Geomancer (level 9, -4/67 HPs)
             Began as a Demigod Earth Elementalist on May 12, 2021.
             Slain by an orc knight
             ... wielding a +0 trident
              (29 damage)
             ... in a bailey.
             The game lasted 00:41:42 (10988 turns).

shoop the Geomancer (Demigod Earth Elementalist)   Turns: 10988, Time: 00:41:46

Health: -4/67      AC: 13    Str: 15    XL:     9   Next: 72%
Magic:  1/21       EV: 12    Int: 29    God:
Gold:   276        SH:  0    Dex: 14    Spells: 7/19 levels left

rFire    + . .     SeeInvis .   E - +6 mace of Valour {venom, Will+}
rCold    + + .     Faith    .   (no shield)
rNeg     . . .     Spirit   .   B - +3 leather armour {Will+}
rPois    .         Reflect  .   n - +2 helmet of Awe {*Corrode rC++}
rElec    .         Harm     .   T - +0 cloak
rCorr    .         Rampage  .   L - +2 pair of gloves
Will     ++...                  (no boots)
Stlth    ++........             (no amulet)
HPRegen  0.21/turn              H - +6 ring of strength
MPRegen  0.17/turn              M - ring of protection from fire

@: studying Ice Magic
A: high mp 1, forlorn
a: no special abilities


You were in a bailey.
You visited 1 branch of the dungeon, and saw 8 of its levels.
You also visited: Sewer, Ossuary and Bailey.

You collected 466 gold pieces.
You spent 190 gold pieces at shops.

Inventory:

Hand Weapons
 a - a +0 dagger
 g - a +0 short sword
 h - a +0 dagger of speed
 i - a +0 long sword
 m - a +2 dagger of draining
 A - a +0 spectral club
 E - the +6 mace of Valour (weapon) {venom, Will+}
   (You took it off a hobgoblin on level 4 of the Dungeon)

   It poisons the flesh of those it strikes.
   It increases your willpower.
Missiles
 b - 155 stones
 U - 13 poisoned darts
Armour
 c - a +0 robe
 d - a +0 leather armour
 j - a +0 buckler
 n - the +2 helmet of Awe (worn) {*Corrode rC++}
   (You took it off Robin on level 2 of the Dungeon)

   It greatly protects you from cold.
   It may corrode you when you take damage.
 B - a +3 leather armour of willpower (worn)
 L - a +2 pair of gloves (worn)
 T - a +0 cloak (worn)
Jewellery
 H - a +6 ring of strength (left hand)
 M - a ring of protection from fire (right hand)
Wands
 l - a wand of digging (6)
 y - a wand of iceblast (5)
 F - a wand of polymorph (16)
 G - a wand of flame (61)
 N - a wand of charming (4)
Scrolls
 e - 7 scrolls of teleportation
 f - a scroll of blinking {unknown}
 p - a scroll of acquirement {unknown}
 s - 7 scrolls of enchant weapon {unknown}
 t - 2 scrolls of enchant armour {unknown}
 w - a scroll of fog {unknown}
 x - 2 scrolls of fear {unknown}
 J - 2 scrolls of noise {unknown}
 O - a scroll of magic mapping
 R - a scroll of summoning
 S - a scroll of brand weapon {unknown}
Potions
 k - 3 potions of brilliance {unknown}
 o - 3 potions of haste {unknown}
 q - a potion of ambrosia {unknown}
 r - 2 potions of magic {unknown}
 u - 8 potions of curing {unknown}
 v - 3 potions of might
 z - a potion of mutation
 C - 3 potions of resistance
 D - a potion of cancellation {unknown}
 I - 3 potions of attraction {unknown}
 K - 2 potions of flight {unknown}
 P - a potion of lignification {unknown}
 Q - 2 potions of heal wounds
 V - a potion of invisibility


   Skills:
 - Level 2.0 Fighting
 - Level 2.0 Armour
 - Level 2.0 Dodging
 - Level 2.0 Stealth
 + Level 5.9 Spellcasting
 - Level 5.0 Transmutations
 * Level 9.8 Earth Magic
 - Level 3.0 Evocations


You had 7 spell levels left.
You knew the following spells:

 Your Spells              Type           Power      Damage    Failure   Level
a - Sandblast             Erth           100%       2d20      1%          1
b - Passwall              Tmut/Erth      42%        N/A       1%          2
c - Petrify               Tmut/Erth      51%        N/A       3%          4
d - Lee's Rapid Deconstr  Erth           30%        3d17*     3%          5

Your spell library contained the following spells:

 Spells                   Type           Power      Damage    Failure   Level
 Stone Arrow              Conj/Erth      74%        3d11      2%          3
 Animate Skeleton         Necr           16%        N/A       7%          1
 Apportation              Tloc           16%        N/A       7%          1
 Corona                   Hex            8%         N/A       7%          1
 Summon Small Mammal      Summ           32%        N/A       7%          1
 Call Imp                 Summ           8%         N/A       11%         2
 Call Canine Familiar     Summ           8%         N/A       22%         3
 Confusing Touch          Hex            8%         N/A       22%         3
 Gell's Gravitas          Tloc           4%         N/A       22%         3
 Summon Guardian Golem    Hex/Summ       8%         N/A       22%         3
 Summon Ice Beast         Ice/Summ       8%         N/A       56%         4
 Summon Lightning Spire   Summ/Air       8%         N/A       56%         4
 Yara's Violent Unravell  Hex/Tmut       11%        3d6       56%         5
 Metabolic Englaciation   Hex/Ice        4%         N/A       89%         5


Dungeon Overview and Level Annotations

Branches:
Dungeon (8/15)             Temple (0/1) D:5           Sewer (visited)
Ossuary (visited)          Bailey (1/1)
   Lair: D:8-11

Shops:
D:2 *   D:4 *

Annotations:
D:5 3 runed translucent doors, HendSelp's ghost, amateur OgBe


Innate Abilities, Weirdness & Mutations

Your attributes grow dramatically as you level up.
You have an increased reservoir of magic. (+10% MP)
You shall have no god before yourself.


Message History

The orc knight hits you from afar with a +0 trident!
Casting: Petrify (dangerous; 3% risk of failure)
Confirm with . or Enter, or press ? or * to list all spells.
Aiming: Petrify (dangerous; 3% risk of failure)
Press: ? - help, Shift-Dir - straight line, f/p - orc knight
Aim: an orc knight, wielding a +0 trident and wearing a +0 chain mail (heavily wounded, poisoned, chance to affect: 56%)
The orc knight resists with significant effort.
The orc knight closely misses you.
Casting: Petrify (dangerous; 3% risk of failure)
Confirm with . or Enter, or press ? or * to list all spells.
Aiming: Petrify (dangerous; 3% risk of failure)
Press: ? - help, Shift-Dir - straight line, f/p - orc knight
Aim: an orc knight, wielding a +0 trident and wearing a +0 chain mail (heavily wounded, poisoned, chance to affect: 56%)
The orc knight resists with significant effort.
The orc knight hits you but does no damage.
Casting: Petrify (dangerous; 3% risk of failure)
Confirm with . or Enter, or press ? or * to list all spells.
Aiming: Petrify (dangerous; 3% risk of failure)
Press: ? - help, Shift-Dir - straight line, f/p - orc knight
Aim: an orc knight, wielding a +0 trident and wearing a +0 chain mail (heavily wounded, poisoned, chance to affect: 56%)
The orc knight resists with significant effort.
The orc knight hits you from afar with a +0 trident!!
Casting: Petrify (dangerous; 3% risk of failure)
Confirm with . or Enter, or press ? or * to list all spells.
Aiming: Lee's Rapid Deconstruction (dangerous; 3% risk of failure)
Press: ? - help, Dir - move target, f/p - orc knight Fragment what (e.g. wall or brittle monster)?: an orc knight, wielding a +0 trident and wearing a +0 chain mail (severely wounded, poisoned)
An open door, spattered with blood.
The stone door frame shatters!
The blast of rock fragments hits the orc knight but does no damage.
The orc knight is severely wounded.
You hear a shout!
The orc knight hits you from afar with a +0 trident!
Aiming: Iceblast
Press: ? - help, Shift-Dir - straight line, f/p - orc knight
Aim: an orc knight, wielding a +0 trident and wearing a +0 chain mail (severely wounded, poisoned)
The mass of ice explodes!
The iceblast engulfs the orc knight.
The orc knight is severely wounded.
The orc knight hits you from afar with a +0 trident!!
You die...

#∩.)...∩#
#)))....#
#..))...#
#..).)))#
#.......#
#......)#
#.......#
#.......#
#.).@)).#
##..)).##
###o###
#)).#
#.).#
#.).#
#...#
###'###
##.....##


You could see an orc knight (poisoned).

Vanquished Creatures
  An orc knight (Bailey)
  Grinder (D:4)
  A wyvern (D:8)
  7 orc warriors
  4 black bears
  A necrophage (D:4)
  3 ogres
  The ghost of AtomicRavioli the Chiller, an amateur NaIE (D:3)
  A centaur (D:7)
  A kobold brigand (D:8)
  2 phantoms
  2 bullfrogs
  A wyvern zombie (D:6)
  A wyvern skeleton (D:7)
  A bullfrog zombie (D:6)
  2 centaur zombies
  2 jellies (D:8)
  4 hounds
  2 orc priests
  2 human zombies (Ossuary)
  A centaur skeleton (D:4)
  A gnoll shaman (D:3)
  Jessica (D:2)
  Ijyb (D:4)
  3 iguanas
  5 orc wizards
  2 mummies (Ossuary)
  Robin (D:2)
  A howler monkey zombie (D:7)
  7 gnolls (D:3)
  12 adders
  2 howler monkey skeletons
  A river rat (D:4)
  3 white imps
  2 ufetubi
  An adder zombie (Ossuary)
  8 worms
  A dart slug (D:1)
  44 orcs
  10 ball pythons
  11 endoplasms
  5 giant cockroaches
  20 goblins
  13 hobgoblins
  10 jackals
  17 kobolds
  4 quokkas
  5 bats
  6 frilled lizards
  2 goblin zombies (Ossuary)
  9 hobgoblin zombies (Ossuary)
  10 kobold zombies (Ossuary)
  9 orc zombies (Ossuary)
  7 rats
  3 rat zombies (Ossuary)
278 creatures vanquished.

Vanquished Creatures (others)
  14 plants
14 creatures vanquished.

Grand Total: 292 creatures vanquished

Notes
Turn   | Place    | Note
-------+----------+-------------------------------------------
     0 | D:1      | shoop the Demigod Earth Elementalist began the quest for
                  | the Orb.
     0 | D:1      | Reached XP level 1. HP: 14/14 MP: 5/5
    70 | D:1      | Reached skill level 3 in Earth Magic
   149 | D:1      | Reached XP level 2. HP: 20/20 MP: 2/7
   152 | D:1      | Learned a level 2 spell: Passwall
  1105 | D:1      | Reached XP level 3. HP: 12/26 MP: 1/8
  2605 | D:2      | Noticed Jessica
  2609 | D:2      | Killed Jessica
  2610 | D:2      | Reached skill level 1 in Fighting
  2610 | D:2      | Reached skill level 1 in Armour
  2610 | D:2      | Reached XP level 4. HP: 35/35 MP: 5/9
  2774 | D:2      | Found Lasit's Assorted Antiques.
  2814 | D:2      | Reached skill level 4 in Earth Magic
  2836 | D:2      | Identified the +2 helmet of Awe {*Corrode rC++}
  2836 | D:2      | Noticed Robin
  2909 | D:2      | Killed Robin
  3619 | D:3      | Reached XP level 5. HP: 41/41 MP: 7/10
  3840 | D:3      | Found a transporter.
  3886 | D:3      | Found a transporter.
  3905 | D:3      | Noticed AtomicRavioli's ghost (amateur NaIE)
  4241 | D:2      | Bought a scroll labelled QUSTIMP INUA for 20 gold pieces
  4241 | D:2      | Bought a scroll labelled EWKOYXICYOT for 20 gold pieces
  4332 | D:4      | Noticed a necrophage
  4412 | D:4      | Noticed Grinder
  4418 | D:4      | Found a glowing drain.
  4426 | D:4      | Reached skill level 5 in Earth Magic
  4507 | Sewer    | Entered a sewer
  4658 | Sewer    | Reached XP level 6. HP: 48/48 MP: 9/11
  4664 | Sewer    | Learned a level 5 spell: Lee's Rapid Deconstruction
  5389 | D:4      | Killed Grinder
  5390 | D:4      | Reached skill level 6 in Earth Magic
  5409 | D:4      | Noticed Ijyb
  5414 | D:4      | Killed Ijyb
  5530 | D:4      | Reached XP level 7. HP: 55/55 MP: 10/15
  5535 | D:4      | Learned a level 4 spell: Petrify
  5674 | D:4      | Reached skill level 1 in Evocations
  5691 | D:4      | Found Pyte's Lightly-Used Armoury.
  5751 | D:4      | Reached skill level 1 in Transmutations
  5912 | D:4      | Identified the +6 mace of Valour {venom, Will+}
  6361 | D:3      | Killed AtomicRavioli's ghost
  6612 | D:3      | Reached skill level 7 in Earth Magic
  6721 | D:5      | Entered Level 5 of the Dungeon
  6770 | D:5      | Found a staircase to the Ecumenical Temple.
  6790 | D:5      | Reached XP level 8. HP: 54/61 MP: 17/17
  7240 | D:5      | Found a runed translucent gate.
  7240 | D:5      | Found a runed translucent gate.
  7241 | D:5      | Found a runed translucent gate.
  7242 | D:5      | Noticed HendSelp's ghost (amateur OgBe)
  7401 | D:2      | Bought a pair of embroidered gloves for 150 gold pieces
  8362 | D:7      | Found a sand-covered staircase.
  8400 | D:7      | Reached skill level 8 in Earth Magic
  8603 | Ossuary  | Entered an ossuary
  9324 | D:7      | Reached XP level 9. HP: 61/67 MP: 20/20
  9482 | D:8      | Reached skill level 5 in Spellcasting
  9670 | D:8      | Reached skill level 9 in Earth Magic
  9824 | D:8      | Found a flagged portal.
  9932 | Bailey   | Entered a bailey
 10483 | Bailey   | Noticed an orc knight
 10540 | Bailey   | Killed an orc knight
 10541 | Bailey   | Reached skill level 5 in Transmutations
 10939 | Bailey   | Noticed an orc knight
 10988 | Bailey   | Slain by an orc knight

Illustrated notes

Levels and vault maps discovered:
D:1:      dpeg_arrival_boxorama, layout_loops_ring
D:2:      layout_basic, chequers_ecumenical_altar_twisty, serial_shops, shop,
          uniq_jessica, uniq_robin
D:3:      layout_rooms, nicolae_overflow_crystal_walls,
          gammafunk_ghost_gnarly_gnolls
D:4:      layout_cave_pools, serial_forest, infiniplex_forest_end_2,
          infiniplex_forest_lined_room_, infiniplex_forest_straight_4,
          infiniplex_forest_side_room, infiniplex_forest_clump_tiny,
          infiniplex_forest_pool, portal_sewer_entry_c, minmay_shop_damaged,
          uniq_ijyb, uniq_grinder
D:5:      layout_cave_pools, minmay_temple_entry_trees,
          ebering_ghost_rock_garden
D:6:      layout_rooms
D:7:      layout_basic, kennysheep_mini_moat, lemuel_doored_altar,
          kennysheep_mini, nicolae_ossuary_entry_ruins,
          minmay_stone_trees_medium, minivault_25, kennysheep_generic_room_10
D:8:      layout_rooms, slow_altar_2, enter_bailey_3
Bailey:   bailey_polearm_5, bailey

Skill      XL: |  1  2  3  4  5  6  7  8  9 |
---------------+----------------------------+-----
Earth Magic    | 3 4 5 6 7 8 9 |  9.8
Stealth        | 2 |  2.0
Dodging        | 2 |  2.0
Spellcasting   | 2 3 4 5 |  5.9
Fighting       | 1 2 |  2.0
Armour         | 1 2 |  2.0
Evocations     | 2 3 |  3.0
Transmutations | 2 3 5 |  5.0

Action                   |  1- 3 |  4- 6 |  7- 9 || total
-------------------------+-------+-------+-------++-------
Melee: Dagger            |    99 |   129 |       ||   228
       Short sword       |    38 |       |       ||    38
       Long sword        |    16 |     7 |       ||    23
       Club              |       |     4 |     5 ||     9
       Mace              |       |       |   312 ||   312
 Cast: Sandblast         |    36 |    74 |    68 ||   178
       Petrify           |       |       |    23 ||    23
       Lee's Rapid Decon |       |       |     7 ||     7
Evoke: Wand              |       |       |     5 ||     5
  Use: Scroll            |       |     2 |     4 ||     6
 Stab: Sleeping          |     2 |     1 |     1 ||     4
       Distracted        |       |     1 |       ||     1
       Petrified         |       |       |    44 ||    44
Armor: Leather armour    |    37 |    45 |   187 ||   269
Dodge: Dodged            |    87 |    94 |   259 ||   440
       Rpst.: Long sword |     3 |     3 |       ||     6

Table legend: (Time is in decaauts)
 A = Elapsed time spent in this place.
 B = Non-inter-level travel time spent in this place.
 C = Inter-level travel time spent in this place.
 D = Time resting spent in this place.
 E = Time spent auto-exploring this place.
 F = Levels seen in this place.
 G = Mean time per level.
                   A        B        C        D        E       F      G
               +--------+--------+--------+--------+--------+-----+--------+
         Total |  11291 |  10520 |    771 |    888 |   7031 |  11 | 1026.5 |
       Dungeon |   8757 |   7986 |    771 |    401 |   5754 |   8 | 1094.6 |
         Sewer |    944 |    944 |      0 |      7 |    753 |   1 |  944.0 |
       Ossuary |    513 |    513 |      0 |      0 |    259 |   1 |  513.0 |
        Bailey |   1076 |   1076 |      0 |    480 |    264 |   1 | 1076.0 |
               +--------+--------+--------+--------+--------+-----+--------+

Top non-repeatable levels by time:
     D:2: 2141 daAuts
     D:1: 1546 daAuts
     D:3: 1254 daAuts
     D:4: 1196 daAuts
  Bailey: 1076 daAuts
   Sewer: 944 daAuts
     D:6: 748 daAuts
     D:7: 730 daAuts
     D:5: 632 daAuts
 Ossuary: 513 daAuts
     D:8: 506 daAuts
